 Dungeon Crawl Stone Soup version 0.28.0-53-g5a82cb258f (webtiles) character file.

Game seed: 2099716964311592180

1600 mcbry74 the Basher (level 8, -1/64 HPs)
             Began as a Minotaur Berserker on June 26, 2022.
             Was a Priest of Trog.
             Killed from afar by a steam dragon (22 damage)
             ... with a ball of steam
             ... on level 8 of the Dungeon.
             The game lasted 00:22:31 (6842 turns).

mcbry74 the Basher (Minotaur Berserker)             Turns: 6842, Time: 00:22:32

Health: -1/64      AC:  7    Str: 21    XL:     8   Next: 62%
Magic:  7/7        EV: 13    Int:  6    God:    Trog [***...]
Gold:   461        SH:  0    Dex: 11    Spells: 7/7 levels left

rFire   x . .      SeeInvis .   a - +0 flail
rCold   + . .      Faith    .   (no shield)
rNeg    . . .      Spirit   .   m - +0 troll leather armour
rPois   .          Reflect  .   E - +1 hat
rElec   .          Harm     .   F - +0 cloak
rCorr   .          Rampage  .   (no gloves)
Will    .....                   (no boots)
Stlth   +.........              (no amulet)
HPRegen 1.00/turn               e - ring of ice
MPRegen 0.10/turn               (no ring)

@: no status effects
A: horns 2, retaliatory headbutt
a: Renounce Religion, Berserk, Trog's Hand


You were on level 8 of the Dungeon.
You worshipped Trog.
Trog was most pleased with you.
You visited 1 branch of the dungeon, and saw 8 of its levels.

You collected 461 gold pieces.

Inventory:

Hand Weapons
 a - a +0 flail (weapon)
 b - a +2 triple crossbow of freezing
 c - a +0 mace
 g - a +0 morningstar
Missiles
 d - 122 arrows
 h - 80 bolts
 x - 5 atropa-tipped darts (quivered)
 D - 5 curare-tipped darts
Armour
 k - a +0 plate armour
 m - a +0 troll leather armour (worn)
 B - a +0 animal skin
 E - a +1 hat (worn)
 F - a +0 cloak (worn)
Jewellery
 e - a ring of ice (left hand)
 p - a ring of positive energy
 z - an amulet of faith
Wands
 w - a wand of iceblast (18)
 A - a wand of acid (2)
 G - a wand of paralysis (14)
Scrolls
 f - 2 scrolls of enchant weapon
 l - 3 scrolls of magic mapping
 n - 3 scrolls of teleportation
 r - a scroll of noise {unknown}
 t - 2 scrolls of enchant armour {unknown}
 u - 2 scrolls of blinking {unknown}
 v - 2 scrolls of immolation {unknown}
 y - a scroll of fear {unknown}
Potions
 i - 2 potions of might
 j - 2 potions of lignification
 o - a potion of resistance {unknown}
 q - 4 potions of brilliance
 s - 4 potions of curing
 C - a potion of mutation {unknown}


   Skills:
 - Level 3.6 Fighting
 * Level 9.2 Maces & Flails
 * Level 4.2 Crossbows
 + Level 1.7 Throwing
 + Level 6.3 Armour
 + Level 5.8 Dodging


You had 7 spell levels left.
You didn't know any spells.
Your spell library was empty.

Dungeon Overview and Level Annotations

Branches:
Dungeon (8/15)             Temple (0/1) D:4
   Lair: D:8-11

Altars:
Fedhas

Annotations:
D:8 1 runed translucent door, Weresquid's ghost, novice SpBr


Innate Abilities, Weirdness & Mutations

You have a pair of horns on your head.
You reflexively headbutt those who attack you in melee.


Message History

You finish putting on your +0 plate armour.
Okay, then.
You start removing your armour.
You continue taking off your +0 plate armour. x4
You finish taking off your +0 plate armour.
You start putting on your armour.
You continue putting on your +0 troll leather armour. x5
You finish putting on your +0 troll leather armour.
The armour throbs as it attunes itself to your uninjured body.
Found a potion of lignification.
Weresquid's ghost turns its malevolent gaze towards you.
The polar bear growls angrily.
The spriggan shouts! x2
There are no items here.
G - a wand of paralysis (14)
A steam dragon comes into view.
Really put on
z - an amulet of faith?
Uppercase [Y]es or [N]o only, please.
Really put on
z - an amulet of faith?
You start putting on your amulet.
You continue putting on your amulet of faith.
The steam dragon hisses angrily.
You continue putting on your amulet of faith.
The steam dragon breathes steam at you.
Keep equipping yourself? [Y]es or [N]o only, please.
Keep equipping yourself?
The ball of steam hits you!! The steam scalds you terribly!
You continue putting on your amulet of faith.
You are engulfed in a cloud of scalding steam.
The steam dragon bites you.
The steam dragon claws you but does no damage.
You continue putting on your amulet of faith.
You are engulfed in a cloud of scalding steam.
The steam dragon closely misses you. The steam dragon barely misses you.
You continue putting on your amulet of faith.
You are engulfed in a cloud of scalding steam.
The steam dragon breathes steam at you. The ball of steam hits you!!
The steam scalds you terribly!
You die...

##.#.###..........##.####.##.#
......#####.#......#.# #.##.#
⌠...⌠## #.##....##.####.##.#
##+###$♣###.##.#.###.##......#
.i.Wi.P♣#...##.§§)......#.####
P.♣..P♣♣########.###.####.#
.♣!.♣♣♣ #§# #.####<# . .♣
##.###......# .. #.@§....#####
#.D####.# #.... #.# #...## #.#
#...# ... ..... #.# ##.... #.#
#.... #.#


You could see a steam dragon (catching breath).

Vanquished Creatures
  Maurice (D:8)
  3 sky beasts
  A centaur (D:7)
  A phantom (D:3)
  A kobold brigand (D:8)
  A wyvern zombie (D:7)
  A scorpion (D:6)
  A howler monkey (D:3)
  3 hounds
  2 jellies
  A bullfrog skeleton (D:7)
  A centaur skeleton (D:7)
  Natasha (thrice) (D:4)
  2 iguanas
  An orc wizard (D:3)
  10 adders
  3 gnolls (D:7)
  4 river rats (D:5)
  A white imp (D:5)
  2 worms
  10 orcs
  10 endoplasms
  2 giant cockroaches
  6 goblins
  5 hobgoblins
  2 jackals (D:3)
  11 kobolds
  6 quokkas
  7 ball pythons
  4 bats
  5 frilled lizards
  7 rats
118 creatures vanquished.

Vanquished Creatures (others)
  A fungus (D:8)
  7 plants
8 creatures vanquished.

Grand Total: 126 creatures vanquished

Notes
Turn   | Place    | Note
-------+----------+-------------------------------------------
     0 | D:1      | mcbry74 the Minotaur Berserker began the quest for the Orb.
     0 | D:1      | Reached XP level 1. HP: 19/19 MP: 0/0
   243 | D:1      | Found a faded altar of an unknown god.
   246 | D:1      | Reached skill level 4 in Maces & Flails
   250 | D:1      | Reached XP level 2. HP: 26/26 MP: 1/1
   763 | D:2      | Reached XP level 3. HP: 25/31 MP: 2/2
  1570 | D:2      | Reached ** piety under Trog
  2087 | D:3      | Reached skill level 5 in Maces & Flails
  2087 | D:3      | Reached XP level 4. HP: 39/39 MP: 3/3
  2331 | D:3      | Noticed a phantom
  2353 | D:3      | Killed a phantom
  2354 | D:3      | Reached XP level 5. HP: 17/45 MP: 4/4
  3108 | D:3      | Reached skill level 6 in Maces & Flails
  3430 | D:3      | Reached XP level 6. HP: 32/51 MP: 5/5
  3967 | D:4      | Found a staircase to the Ecumenical Temple.
  3974 | D:4      | Reached *** piety under Trog
  4097 | D:4      | Noticed Natasha
  4106 | D:4      | Killed Natasha
  4130 | D:4      | Noticed Natasha
  4139 | D:4      | Killed Natasha
  4177 | D:4      | Noticed Natasha
  4186 | D:4      | Killed Natasha
  4396 | D:5      | Entered Level 5 of the Dungeon
  4700 | D:5      | Found a blossoming altar of Fedhas.
  4709 | D:5      | Reached skill level 7 in Maces & Flails
  4980 | D:5      | Reached skill level 5 in Armour
  4980 | D:5      | Reached XP level 7. HP: 55/57 MP: 6/6
  6005 | D:7      | Reached skill level 1 in Crossbows
  6031 | D:7      | Reached skill level 8 in Maces & Flails
  6031 | D:7      | Reached skill level 5 in Dodging
  6209 | D:7      | Reached XP level 8. HP: 49/64 MP: 7/7
  6670 | D:8      | Noticed Maurice
  6734 | D:8      | Killed Maurice
  6735 | D:8      | Reached skill level 9 in Maces & Flails
  6735 | D:8      | Reached skill level 1 in Throwing
  6787 | D:8      | Found a runed translucent door.
  6808 | D:8      | Noticed Weresquid's ghost (novice SpBr)
  6808 | D:8      | Noticed a polar bear
  6808 | D:8      | Identified the +1 trident "Vucwudgh" {vorpal, Will+}
  6842 | D:8      | Killed from afar by a steam dragon

Illustrated notes

Levels and vault maps discovered:
D:1:      mrwooster_arrival_statue_3, layout_rooms,
          dreamdust_ecumenical_altar_statues, minmay_strange_pillars,
          serial_bayou_pond_e
D:2:      minmay_general_purpose_star, layout_loops_corners
D:3:      layout_loops_ring, minmay_divided_ellipse
D:4:      layout_rooms, minmay_temple_entry_glass, uniq_natasha
D:5:      wad_woods_stonehenge, layout_basic, serial_bayou_crossing
D:6:      layout_loops_ring
D:7:      layout_cave_pools, hangedman_abyss_or_decor_passed
D:8:      layout_loops_corners, ebering_ghost_funeral_grove,
          kennysheep_pointless_box, uniq_maurice, uniq_psyche, uniq_pikel,
          uniq_joseph

Skill      XL: |  1  2  3  4  5  6  7  8 |
---------------+-------------------------+-----
Maces & Flails | 4 5 6 7 8 9 |  9.2
Armour         | 3 4 5 6 |  6.3
Dodging        | 3 4 5 |  5.8
Crossbows      | 2 4 |  4.2
Throwing       | 1 |  1.7
Fighting       | |  3.6

Action                   |  1- 3 |  4- 6 |  7- 9 || total
-------------------------+-------+-------+-------++-------
Melee: Mace              |    26 |       |       ||    26
       Headbutt          |    15 |    18 |    13 ||    46
       Punch             |     1 |     3 |       ||     4
       Flail             |    61 |   155 |   108 ||   324
 Fire: Triple crossbow   |       |       |     6 ||     6
Invok: Berserk           |       |     1 |       ||     1
       Trog's Hand       |       |       |     1 ||     1
  Use: Scroll            |     1 |     5 |     1 ||     7
       Potion            |     2 |       |       ||     2
Armor: Animal skin       |     7 |     7 |       ||    14
       Troll leather arm |       |     8 |    23 ||    31
       Plate armour      |       |     4 |       ||     4
Dodge: Dodged            |    35 |    86 |    50 ||   171
